 Dungeon Crawl Stone Soup version 0.20.0 (webtiles) character file.

67 Danakh the Skirmisher (level 3, -2/30 HPs)
             Began as a Demonspawn Fighter on May 30, 2017.
             Slain by a chaos spawn (7 damage)
             ... on level 1 of the Abyss.
             The game lasted 00:07:45 (2715 turns).

Danakh the Skirmisher (Demonspawn Fighter)          Turns: 2715, Time: 00:07:46

Health: -2/30      AC: 17    Str: 17    XL:     3   Next: 98%
Magic:  3/3        EV:  4    Int:  9    God:
Gold:   244        SH:  8    Dex: 12    Spells: 2/2 levels left

rFire    . . .     SeeInvis .   a - +0 war axe
rCold    . . .     Gourm    .   c - +0 shield
rNeg     . . .     Faith    .   s - +0 chain mail
rPois    .         Spirit   .   (no helmet)
rElec    .         Reflect  .   w - +0 cloak
rCorr    .         Harm     .   (no gloves)
MR       +....                  r - +0 pair of boots
Stlth    ..........             (no amulet)
Regen    0.1/turn               o - ring of protection from magic
MPRegen  0.1/turn               q - ring of stealth

@: sanguine armour, drained
A: hooves 1, sanguine armour 1
a: no special abilities


You were on level 1 of the Abyss.
You were hungry.

You visited 1 branch of the dungeon, and saw 3 of its levels.
You visited the Abyss 1 time.

You collected 244 gold pieces.

Inventory:

Hand Weapons
 a - a +0 war axe (weapon)
Armour
 b - a +0 scale mail
 c - a +0 shield (worn)
 r - a +0 pair of boots (worn)
 s - a +0 chain mail (worn)
 w - a +0 cloak (worn)
Jewellery
 o - a ring of protection from magic (left hand)
 q - a ring of stealth (right hand)
Wands
 u - a wand of iceblast (3/15)
Scrolls
 e - 2 scrolls of magic mapping {unknown}
 h - 4 scrolls of identify {unknown}
 i - 4 scrolls of enchant armour {unknown}
 k - a scroll of amnesia {unknown}
 l - 2 scrolls of teleportation {unknown}
 n - a scroll of recharging {unknown}
 t - a scroll of remove curse {unknown}
Potions
 d - a potion of might
 j - a potion of curing {unknown}
 m - 2 potions of brilliance {unknown}
 p - 3 potions of lignification {unknown}
 v - a potion of heal wounds {unknown}
Comestibles
 f - 2 bread rations
 g - a royal jelly


   Skills:
 + Level 3.7(3.6) Fighting
 * Level 2.9 Axes
 + Level 2.9(2.8) Armour
 + Level 2.9(2.8) Shields


You had 2 spell levels left.
You didn't know any spells.

Dungeon Overview and Level Annotations

Branches:
Dungeon (3/15)

Altars:
Dithmenos

Annotations:
D:3 Gridlocked's ghost, novice HOCK


Innate Abilities, Weirdness & Mutations

You have large cloven feet.
When seriously injured, your bleeding wounds create armour. (AC +6)


Message History

Some rock shatters into small pieces.
A starcursed mass comes into view.
A starcursed mass splits.
Some rock shatters into small pieces.
A starcursed mass splits.
You hear a grinding noise.
The starcursed mass shrieks in your mind.
A starcursed mass comes into view.
A starcursed mass splits.
You hear a grinding noise.
A starcursed mass splits.
A chaos spawn comes into view.
You hit the chaos spawn.
The chaos spawn is lightly wounded.
The orange demon barely misses you.
The chaos spawn gores you but does no damage.
The orange demon stings you from afar!
* * * LOW HITPOINT WARNING * * *
The chaos spawn hits you!
You die...

. .. # #. ..... #.
##....X.# .
##....X..##
.##........... #.#.
#. .∩X.# ###...#....
. #. ##....#.X#####
# # #
.#....#.X4x.@###. .
. ..####.X#.##4.#.#
#x.##.....####...#
.#...#..#.x#.
.#....## .X#.#
#..#..# .#.#..... ##
#.#.#......#.#.....#
. 2#x#######..
..##..## . .#. #..
##.##. #.#


XX# 4## X#.4....#.##. You could see 3 starcursed masses, an orange demon, a
chaos spawn and a small abomination.

Vanquished Creatures
  An adder (D:3)
  A dart slug (D:1)
  2 worms
  A leopard gecko (D:3)
  5 orcs (D:3)
  4 giant cockroaches (D:1)
  6 goblins
  4 hobgoblins
  4 bats
  3 frilled lizards
  5 kobolds
  11 rats
47 creatures vanquished.

Notes
Turn   | Place    | Note
-------+----------+-------------------------------------------
     0 | D:1      | Danakh the Demonspawn Fighter began the quest for the Orb.
     0 | D:1      | Reached XP level 1. HP: 18/18 MP: 1/1
   207 | D:1      | Gained mutation: When seriously injured, your bleeding wounds create armour. (AC +6) [demonic ancestry]
   207 | D:1      | Reached XP level 2. HP: 24/24 MP: 2/2
  1285 | D:2      | Gained mutation: You have large cloven feet. [demonic ancestry]
  1285 | D:2      | Reached XP level 3. HP: 24/29 MP: 3/3
  1523 | D:2      | Found a shadowy altar of Dithmenos.
  2056 | D:3      | Noticed Gridlocked's ghost (novice HOCK)
  2626 | D:3      | Cast into level 1 of the Abyss (Gridlocked's ghost)
  2649 | Abyss:1  | Noticed a small abomination
  2676 | Abyss:1  | Noticed a cacodemon
  2677 | Abyss:1  | Noticed an orange demon
  2688 | Abyss:1  | Noticed a starcursed mass
  2709 | Abyss:1  | Noticed a starcursed mass
  2713 | Abyss:1  | Noticed a chaos spawn
  2715 | Abyss:1  | Slain by a chaos spawn

Skill      XL: |  1 |
---------------+----+-----
Axes           | 2 |  2.9
Fighting       | |  3.7
Armour         | |  2.9
Shields        | |  2.9

Action                   || total
-------------------------++-------
Melee: War axe           ||   152
       Kick              ||    10
Evoke: Phantom mirror    ||     1
  Eat: Chunk             ||     3
       Royal jelly       ||     1
Armor: Scale mail        ||    73
       Chain mail        ||    12
Dodge: Dodged            ||    51
Block: Shield            ||    97
